 Dungeon Sprint DCSS version 0.20-a0-556-g892c87b (webtiles) character file.

1292 Kidiri the Thaumaturge (level 8, -18/50 HPs)
             Began as a Deep Elf Fire Elementalist on Feb 4, 2017.
             Was a Believer of Vehumet.
             Demolished by Snorg (20 damage)
             ... in the Dungeon (Sprint III: "The Ten Rune Challenge").
             The game lasted 00:05:15 (1033 turns).

Kidiri the Thaumaturge (Deep Elf Fire Elementalist) Turns: 1033, Time: 00:05:16

Health: -18/50     AC:  2    Str:  5    XL:     8   Next: 30%
Magic:  1/26       EV: 18    Int: 23    God:    Vehumet [**....]
Gold:   47         SH:  0    Dex: 15    Spells: 11/31 levels left

rFire    . . .     SeeInvis .   m - +0 dagger
rCold    . . .     Gourm    .   a - +0 robe
rNeg     . . .     Faith    .   (no shield)
rPois    .         Spirit   .   (no helmet)
rElec    .         Reflect  .   (no cloak)
rCorr    .         Harm     .   (no gloves)
MR       .....     NoTele   +   (no boots)
Stlth    ++........             (no amulet)
Regen    0.2/turn               (no ring)
                                (no ring)

@: very slightly contaminated
A: wild magic 1, MP-powered wands, sturdy frame 1
a: Renounce Religion


You were in the Dungeon.
You worshipped Vehumet.
Vehumet was pleased with you.
You were hungry.

You visited 1 branch You collected 47 gold pieces.

Inventory:

Hand Weapons
 m - a +0 dagger (weapon)
Armour
 a - a +0 robe (worn)
Scrolls
 l - a scroll of holy word
 n - 3 scrolls of remove curse
 q - a scroll of torment
Potions
 d - a potion of curing
 e - a potion of heal wounds
 f - 2 potions of haste
 g - a potion of magic
 h - 2 potions of berserk rage
 p - a potion of cure mutation
 r - a potion of brilliance
 s - a potion of flight
 t - 2 potions of might
Books
 b - a book of Flames

   Spells                             Type                      Level
   a - Flame Tongue                   Conjuration/Fire             1
   b - Throw Flame                    Conjuration/Fire             2
   c - Conjure Flame                  Conjuration/Fire             3
   d - Inner Flame                    Hexes/Fire                   3
   e - Sticky Flame                   Conjuration/Fire             4
   f - Fireball                       Conjuration/Fire             5
 j - a book of Cantrips

   Spells                             Type                      Level
   a - Confusing Touch                Hexes                        1
   b - Animate Skeleton               Necromancy                   1
   c - Summon Small Mammal            Summoning                    1
   d - Apportation                    Translocation                1
Comestibles
 c - a bread ration
 o - 3 royal jellies


   Skills:
 + Level 5.4 Fighting
 + Level 4.9 Short Blades
 + Level 5.5 Armour
 + Level 8.5 Dodging
 - Level 2.4 Stealth
 * Level 12.4 Spellcasting
 + Level 7.3 Conjurations
 + Level 8.1 Fire Magic
 + Level 0.0 Ice Magic


You had 11 spell levels left.
You knew the following spells:

 Your Spells              Type           Power        Failure   Level  Hunger
a - Flame Tongue          Conj/Fire      #####        1%          1    None
b - Throw Flame           Conj/Fire      ######       1%          2    None
c - Conjure Flame         Conj/Fire      ######..     1%          3    None
d - Inner Flame           Hex/Fire       #####...     4%          3    None
e - Sticky Flame          Conj/Fire      ######..     3%          4    None
f - Fireball              Conj/Fire      ######....   12%         5    ###....
g - Throw Frost           Conj/Ice       #####.       2%          2    None


Dungeon Overview and Level Annotations

Branches:
Dungeon (1/1)

Altars:
Cheibriados
Dithmenos
Elyvilon
Fedhas
Gozag
Hepliaklqana
Kikubaaqudgha
Makhleb
Nemelex Xobeh
Okawaru
Qazlal
Ru
Sif Muna
Trog
Uskayaw
Vehumet
Xom
Yredelemnul
Zin
The Shining One
Beogh
Jiyva
Lugonu

Annotations:
D Snorg


Innate Abilities, Weirdness & Mutations

Your spells are a little harder to cast, but a little more powerful.
You expend magic power (3 MP) to strengthen your wands.
Your movements are slightly less encumbered by armour. (ER -2)


Message History

Aim: Snorg (severely wounded, berserk, fast, unusually strong)
The flame tongue misses Snorg.
Unknown command.
You feel much better.
Snorg is engulfed in a cloud of scalding steam.
Snorg barely misses you. Snorg claws you. Snorg claws you!
Casting: Flame Tongue
Confirm with . or Enter, or press ? or * to list all spells.
Aiming: Flame Tongue
Press: ? - help, Shift-Dir - straight line, f/p - Snorg
Aim: Snorg (almost dead, berserk, fast, unusually strong)
The flame tongue hits Snorg.
Snorg is almost dead.
Snorg is engulfed in a cloud of scalding steam.
Snorg bites you!
* * * LOW HITPOINT WARNING * * *
Snorg claws you!
* * * LOW HITPOINT WARNING * * *
Snorg claws you!!
You die...

▓▓▓▓▓▓ ▓▓▓ .#)..####
##.############
.#......#####..#___#__[#__#
##....[..#..#..#)..#__)#%_#
.##.##...#..#..###+#+###+##
.##.###..##+#..#..........#
####.##..###...'@T........#
##..##..####...#...######'#
....##..###....#.⌠.#__#...#+#####
#..##...##.....#...#__#...#..§§≈+
..##....#......#+###__#...#.#§§≈#
.###..##.#.....#.).#__#...'.#.§.#
.# #..#####....#___#__+...#.#.§.#
▓▓ ▓▓▓▓ ▓▓▓▓▓▓▓▓▓▓▓▓▓▓▓▓▓▓▓▓▓▓▓


You could see Snorg (berserk).

Vanquished Creatures
  A deep elf mage (D)
  A shadow (D)
  A spatial vortex (D)
  A necrophage (D)
  A water elemental (D)
  A scorpion (D)
  A jelly (D)
  A wizard (D)
  Jessica (D)
  A necromancer (D)
  3 humans (D)
  A kobold demonologist (D)
  2 oozes (D)
  A rat (D)
17 creatures vanquished.

Vanquished Creatures (others)
  2 draconian scorchers (D)
  2 yaktaurs (D)
  6 hellions (D)
10 creatures vanquished.

Grand Total: 27 creatures vanquished

Notes
Turn   | Place    | Note
-------+----------+-------------------------------------------
     0 | D        | Kidiri the Deep Elf Fire Elementalist began the quest for the Orb.
     0 | D        | Reached XP level 1. HP: 10/10 MP: 6/6
    71 | D        | Killed a hellion
    72 | D        | Killed a hellion
    74 | D        | Killed a hellion
    87 | D        | Killed a hellion
   112 | D        | Reached skill level 4 in Spellcasting
   112 | D        | Reached XP level 2. HP: 16/16 MP: 6/9
   112 | D        | Killed a yaktaur
   116 | D        | Learned a level 2 spell: Throw Flame
   147 | D        | Noticed Jessica
   147 | D        | Killed a hellion
   150 | D        | Killed Jessica
   150 | D        | Reached skill level 1 in Fighting
   150 | D        | Reached skill level 1 in Armour
   150 | D        | Reached skill level 5 in Spellcasting
   150 | D        | Reached XP level 3. HP: 20/20 MP: 5/11
   155 | D        | Learned a level 3 spell: Conjure Flame
   159 | D        | Learned a level 3 spell: Inner Flame
   179 | D        | Killed a white draconian scorcher
   190 | D        | Killed a hellion
   196 | D        | Killed a yaktaur
   243 | D        | Killed a white draconian scorcher
   336 | D        | Noticed a scorpion
   364 | D        | Killed a scorpion
   364 | D        | Reached skill level 6 in Spellcasting
   364 | D        | Reached skill level 5 in Fire Magic
   364 | D        | Reached XP level 4. HP: 27/27 MP: 6/14
   386 | D        | Learned a level 4 spell: Sticky Flame
   390 | D        | Gained mutation: You regenerate slowly when monsters are visible. [potion of mutation]
   390 | D        | Gained mutation: You tend to lose your temper in combat. [potion of mutation]
   390 | D        | Gained mutation: Your system is resistant to poisons. (rPois) [potion of mutation]
   391 | D        | Lost mutation: Your system is resistant to poisons. (rPois) [potion of cure mutation]
   391 | D        | Lost mutation: You tend to lose your temper in combat. [potion of cure mutation]
   391 | D        | Lost mutation: You regenerate slowly when monsters are visible. [potion of cure mutation]
   392 | D        | Gained mutation: Your movements are slightly less encumbered by armour. (ER -2) [potion of mutation]
   392 | D        | Gained mutation: Your spells are a little harder to cast, but a little more powerful. [potion of mutation]
   392 | D        | Gained mutation: You expend magic power (3 MP) to strengthen your wands. [potion of mutation]
   431 | D        | Noticed a water elemental
   434 | D        | Killed a water elemental
   434 | D        | Reached skill level 5 in Dodging
   434 | D        | Reached skill level 7 in Spellcasting
   434 | D        | Reached XP level 5. HP: 32/32 MP: 3/17
   534 | D        | Found a radiant altar of Vehumet.
   535 | D        | Found a deep blue altar of Sif Muna.
   535 | D        | Found an ancient bone altar of Kikubaaqudgha.
   536 | D        | Reached skill level 8 in Spellcasting
   554 | D        | Learned a level 5 spell: Fireball
   556 | D        | Became a worshipper of Vehumet
   596 | D        | Found a glowing silver altar of Zin.
   597 | D        | Found a glowing golden altar of the Shining One.
   597 | D        | Found a white marble altar of Elyvilon.
   597 | D        | Noticed a deep elf mage
   604 | D        | Killed a deep elf mage
   604 | D        | Reached skill level 10 in Spellcasting
   604 | D        | Reached XP level 6. HP: 37/39 MP: 9/21
   604 | D        | Reached XP level 7. HP: 42/44 MP: 9/23
   679 | D        | Found a hide-covered altar of Uskayaw.
   679 | D        | Found a roughly hewn altar of Beogh.
   679 | D        | Found an iron altar of Okawaru.
   679 | D        | Found a bloodstained altar of Trog.
   679 | D        | Noticed a human
   681 | D        | Killed a human
   681 | D        | Reached skill level 11 in Spellcasting
   681 | D        | Killed a human
   681 | D        | Reached * piety under Vehumet
   681 | D        | Offered knowledge of Sandblast by Vehumet.
   681 | D        | Reached skill level 5 in Armour
   742 | D        | Found a basalt altar of Yredelemnul.
   742 | D        | Found a shadowy altar of Dithmenos.
   742 | D        | Found a sacrificial altar of Ru.
   749 | D        | Reached skill level 5 in Fighting
   838 | D        | Reached ** piety under Vehumet
   838 | D        | Reached XP level 8. HP: 49/49 MP: 20/25
   841 | D        | Reached skill level 12 in Spellcasting
   867 | D        | Found a blossoming altar of Fedhas.
   867 | D        | Found a stormy altar of Qazlal.
   868 | D        | Found a snail-covered altar of Cheibriados.
   868 | D        | Found a burning altar of Makhleb.
   868 | D        | Found a hazy altar of Hepliaklqana.
   868 | D        | Found a shimmering altar of Xom.
   868 | D        | Found an opulent altar of Gozag.
   868 | D        | Found a sparkling altar of Nemelex Xobeh.
   868 | D        | Found a corrupted altar of Lugonu.
   868 | D        | Found a viscous altar of Jiyva.
   883 | D        | Offered knowledge of Throw Frost by Vehumet.
   887 | D        | Learned a level 2 spell: Throw Frost
  1014 | D        | Noticed Snorg
  1033 | D        | HP: 2/50 [Snorg (11)]
  1033 | D        | Demolished by Snorg

Vault maps used:
D:        dungeon_sprint_mu

Skill      XL: |  1  2  3  4  5  6  7  8 |
---------------+-------------------------+-----
Dodging        | 3 4 5 7 8 |  8.5
Spellcasting   | 4 5 6 7 10 11 12 | 12.4
Conjurations   | 2 3 4 6 7 |  7.3
Fighting       | 1 2 3 4 5 |  5.4
Armour         | 1 2 4 5 |  5.5
Fire Magic     | 4 5 7 8 |  8.1
Short Blades   | 3 4 |  4.9
Stealth        | |  2.4

Action                   |  1- 3 |  4- 6 |  7- 9 || total
-------------------------+-------+-------+-------++-------
Melee: Dagger            |       |     1 |       ||     1
 Cast: Flame Tongue      |    25 |     5 |    21 ||    51
       Throw Flame       |     2 |       |     4 ||     6
       Sticky Flame      |       |     4 |     2 ||     6
       Conjure Flame     |       |     1 |     1 ||     2
       Fireball          |       |       |     6 ||     6
       Inner Flame       |       |       |     1 ||     1
  Use: Potion            |     1 |     3 |     1 ||     5
       Scroll            |       |     4 |     1 ||     5
 Stab: Sleeping          |       |     1 |       ||     1
  Eat: Chunk             |       |       |     1 ||     1
Armor: Robe              |     1 |       |       ||     1
Dodge: Dodged            |    13 |     4 |     7 ||    24
